 Dungeon Crawl Stone Soup version 0.27.1 (webtiles) character file.

Game seed: 515732053450371488

317 Gwenloh the Skirmisher (level 6, -20/52 HPs)
             Began as a Palentonga Fighter on Aug 30, 2021.
             Demolished by an ogre (26 damage)
             ... on level 4 of the Dungeon.
             The game lasted 00:08:08 (3305 turns).

Gwenloh the Skirmisher (Palentonga Fighter)         Turns: 3305, Time: 00:08:09

Health: -20/52     AC:  8    Str: 19    XL:     6   Next: 20%
Magic:  6/6        EV:  5    Int:  9    God:
Gold:   67         SH:  9    Dex: 11    Spells: 5/5 levels left

rFire    . . .     SeeInvis +   a - +0 war axe
rCold    . . .     Faith    .   c - +0 kite shield
rNeg     . . .     Spirit   .   h - +0 scale mail
rPois    +         Reflect  .   (no helmet)
rElec    .         Harm     .   p - +0 cloak
rCorr    .         Rampage  .   (no gloves)
Will     +....                  (no barding)
Stlth    ..........             (no amulet)
HPRegen  0.17/turn              e - ring of poison resistance
MPRegen  0.10/turn              o - ring of willpower

@: very slow
A: large, rugged brown scales 3, see invisible, deformed body, roll 1, armoured
tail
a: Rolling Charge


You were on level 4 of the Dungeon.
You visited 1 branch of the dungeon, and saw 4 of its levels.

You collected 67 gold pieces.

Inventory:

Hand Weapons
 a - a +0 war axe (weapon)
 b - a +0 hunting sling
Missiles
 f - 18 poisoned darts (quivered)
 j - 37 bolts
 k - 95 stones
 s - 24 sling bullets
Armour
 c - a +0 kite shield (worn)
 h - a +0 scale mail (worn)
 p - a +0 cloak (worn)
Jewellery
 e - a ring of poison resistance (left hand)
 o - a ring of willpower (right hand)
Wands
 m - a wand of polymorph (18)
Scrolls
 g - a scroll of blinking
 q - a scroll of identify {unknown}
 r - a scroll of magic mapping
Potions
 d - a potion of might
 i - a potion of haste
 l - a potion of heal wounds {unknown}
 n - a potion of invisibility


   Skills:
 + Level 4.3 Fighting
 + Level 3.6 Axes
 + Level 3.6 Armour
 + Level 3.5 Shields


You had 5 spell levels left.
You didn't know any spells.
Your spell library contained the following spells:

 Spells                   Type           Power      Damage    Failure   Level
 Summon Guardian Golem    Hex/Summ       0%         N/A       100%        3
 Orb of Destruction       Conj           0%         N/A       100%        7
 Spellforged Servitor     Conj/Summ      0%         N/A       100%        7


Dungeon Overview and Level Annotations

Branches:
Dungeon (4/15)
 Temple: D:4-7

Altars:
Kikubaaqudgha


Innate Abilities, Weirdness & Mutations

You are completely covered in rugged brown scales. (AC +3, +7% HP)
You have supernaturally acute eyesight. (SInv)
Armour fits poorly on your strangely shaped body.
You can roll at nearby foes to attack.
You have a long armoured tail.


Message History

As you read the scroll labelled WIEBLO ORRUGU, it crumbles to dust.
You feel aware of your surroundings.
You sensed 2 altars, and 1 shop/portal.
It was a scroll of magic mapping.
You enter the shallow water.
Moving in this stuff is going to be slow.
An ogre comes into view. It is wielding a +0 giant club.
The ogre shouts!
Really roll while wielding your +0 hunting sling? [Y]es or [N]o only, please.
Really roll while wielding your +0 hunting sling? [Y]es or [N]o only, please.
Really roll while wielding your +0 hunting sling?
Okay, then.
a - a +0 war axe (weapon)
Roll where?
Press: ? - help, Dir - move target, f - ogre
Aim: an ogre, wielding a +0 giant club You roll forward with a clatter of scales!
You hit the ogre.
Your tail-slap misses the ogre.
The ogre is moderately wounded.
You hit the plant but do no damage. The ogre hits you with a +0 giant club!
You barely miss the ogre. You tail-slap the ogre.
The ogre is heavily wounded.
You slash the plant!
The plant begins to die.
The ogre hits you with a +0 giant club!!
Ouch! That really hurt!
* * * LOW HITPOINT WARNING * * *
You closely miss the ogre.
The ogre is heavily wounded.
You slash the plant! The ogre hits you with a +0 giant club!
* * * LOW HITPOINT WARNING * * *
You closely miss the ogre. You tail-slap the ogre.
The ogre is heavily wounded.
You slash the plant!
A nearby plant withers and dies.
The ogre barely misses you.
You hit the ogre.
The ogre is severely wounded.
The ogre hits you with a +0 giant club!!
Ouch! That really hurt!
You die...

,,,,,***,,,,*+*,,,,,,,,,,,,*,,**,
,,,,***≈*♣♣♣♣.*,******#***,*,,**,
*≈*≈*≈≈**≈≈≈P≈≈≈≈,,,,.,,,,,*,,**,
*≈***≈≈≈≈≈≈≈P≈≈♣♣♣♣♣.#****,*,,***
≈≈≈≈≈≈≈≈≈≈≈♣≈≈≈≈≈♣≈♣.# *,*,,*,,
≈≈≈≈≈≈≈≈≈≈≈≈≈PP♣≈≈≈≈P* *,*,,*,,
≈≈≈≈≈≈≈≈≈≈≈≈≈≈≈≈≈≈≈♣♣♣## *,*,,,,,
≈≈≈≈≈≈≈≈≈≈≈≈≈≈≈≈O≈≈≈≈≈≈#**,*,*,,,
≈≈≈≈≈≈≈≈≈≈≈≈≈≈≈≈@≈≈P≈♣≈.,,,,,*,,,
≈≈≈≈≈≈≈≈≈≈≈≈≈≈≈≈≈≈♣≈≈≈≈#*,,,,*,,*
≈≈*≈≈≈≈≈≈≈≈≈≈≈≈≈≈≈≈≈≈♣##*,,,,*,,,
≈≈≈≈≈≈≈≈≈≈≈≈≈≈≈P≈PP♣≈...+,,,,*,*,
*≈≈≈≈≈≈≈≈≈≈≈≈≈≈≈P≈≈♣*###*,,,,*,*,
≈≈*≈≈≈♣≈≈P≈≈≈P♣≈≈♣≈♣ *,,,,*,*,
****≈*♣♣♣♣♣≈≈♣PP≈≈## *,,,,*,,,
****.≈♣♣♣P♣♣≈≈#..##******,,,,****
,,,,........#.#..#,,,,,,+,,,,+,,,


You could see an ogre.

Vanquished Creatures
  Grinder (D:3)
  Terence (D:2)
  4 adders (D:2)
  2 worms (D:2)
  4 bats
  7 endoplasms
  6 giant cockroaches
  3 goblins (D:3)
  5 hobgoblins
  4 jackals (D:3)
  6 kobolds
  3 quokkas
  9 ball pythons
  3 frilled lizards
  6 rats
64 creatures vanquished.

Vanquished Creatures (others)
  4 plants
4 creatures vanquished.

Grand Total: 68 creatures vanquished

Notes
Turn   | Place    | Note
-------+----------+-------------------------------------------
     0 | D:1      | Gwenloh the Palentonga Fighter began the quest for the Orb.
     0 | D:1      | Reached XP level 1. HP: 19/19 MP: 1/1
   226 | D:1      | Reached XP level 2. HP: 24/25 MP: 2/2
  1056 | D:2      | Reached XP level 3. HP: 31/31 MP: 3/3
  1135 | D:2      | Noticed Terence
  1145 | D:2      | Killed Terence
  1155 | D:2      | Reached XP level 4. HP: 33/37 MP: 4/4
  2318 | D:3      | Noticed Grinder
  2329 | D:3      | Killed Grinder
  2330 | D:3      | Reached skill level 4 in Fighting
  2330 | D:3      | Reached XP level 5. HP: 17/44 MP: 5/5
  2330 | D:3      | Reached XP level 6. HP: 20/51 MP: 6/6
  2612 | D:3      | Found a faded altar of an unknown god.
  2867 | D:3      | Found an ancient bone altar of Kikubaaqudgha.
  3305 | D:4      | Demolished by an ogre

Illustrated notes

Levels and vault maps discovered:
D:1:      minmay_arrival_hallway, layout_basic
D:2:      layout_basic, minivault_4, uniq_terence
D:3:      layout_loops_corners, mainiacjoe_overflow_catwalk,
          hellmonk_ecumenical_altar_slurped_away, serial_bayou_pond_b,
          palyth_stone_intersect, uniq_grinder
D:4:      layout_basic, mainiacjoe_overflow_swirl, nicolae_ossuary_entry_giza,
          serial_bayou, serial_bayou_shore_b, serial_bayou_lagoon_b,
          serial_bayou_shore_b, serial_bayou_pond_d, serial_bayou_lake_a,
          minmay_joined_circles

Skill      XL: |  1  2  3  4 |
---------------+-------------+-----
Armour         | 3 |  3.6
Shields        | 3 |  3.5
Axes           | 3 |  3.6
Fighting       | 4 |  4.3

Action                   |  1- 3 |  4- 6 || total
-------------------------+-------+-------++-------
Melee: War axe           |    84 |    72 ||   156
       Tailslap          |     7 |     8 ||    15
 Fire: Hunting sling     |    29 |    38 ||    67
Throw: Dart              |     3 |       ||     3
 Abil: Rolling Charge    |    13 |    16 ||    29
  Use: Potion            |       |     1 ||     1
       Scroll            |       |     2 ||     2
Armor: Scale mail        |    57 |    37 ||    94
Dodge: Dodged            |    30 |    13 ||    43
Block: Kite shield       |    45 |    35 ||    80
